 Dungeon Crawl Stone Soup version 0.25.1-2-g60ff931df9 (webtiles) character file.

Game seed: 4604346317493126832

2352 Araneus the Spear-Bearer (level 9, 0/63 HPs)
             Began as a Demonspawn Fighter on Oct 23, 2020.
             Was a Follower of Okawaru.
             Succumbed to a hornet's poison
             ... while paralysed by a hornet
             ... on level 8 of the Dungeon.
             The game lasted 00:22:53 (7262 turns).

Araneus the Spear-Bearer (Demonspawn Fighter)       Turns: 7262, Time: 00:22:53

Health: 0/63       AC: 16    Str: 19    XL:     9   Next: 20%
Magic:  11/11      EV:  2    Int: 10    God:    Okawaru [*.....]
Gold:   420        SH:  0    Dex: 13    Spells: 6/8 levels left

rFire    . . .     SeeInvis .   a - +0 trident
rCold    + . .     Gourm    .   c - +0 kite shield
rNeg     . . .     Faith    .   m - +0 plate armour
rPois    .         Spirit   .   (helmet restricted)
rElec    .         Reflect  .   e - +1 cloak
rCorr    .         Harm     .   n - +0 pair of gloves
MR       .....                  (no boots)
Stlth    ..........             (no amulet)
HPRegen  0.20/turn              (no ring)
MPRegen  0.12/turn              (no ring)

@: paralysed, lethally poisoned (0 -> -1), hasted
A: antennae 1, yellow scales 1, cold resistance 1, demonic guardian 1, freezing
cloud immunity
a: Heroism, Renounce Religion


You were on level 8 of the Dungeon.
You worshipped Okawaru.
Okawaru was aware of your devotion.
You were hungry.

You visited 2 branches of the dungeon, and saw 9 of its levels.

You collected 420 gold pieces.

Inventory:

Hand Weapons
 a - a +0 trident (weapon)
 t - a +3 glaive of flaming
Armour
 c - a +0 kite shield (worn)
 e - a +1 cloak (worn)
 m - a +0 plate armour (worn)
 n - a +0 pair of gloves (worn)
Jewellery
 A - an uncursed ring of magical power {unknown}
Wands
 r - a wand of acid (9)
Scrolls
 b - 2 scrolls of identify
 g - 5 scrolls of teleportation {unknown}
 h - 3 scrolls of amnesia {unknown}
 j - 2 scrolls of enchant weapon {unknown}
 l - 4 scrolls of fear {unknown}
 o - a scroll of fog {unknown}
 p - a scroll of enchant armour {unknown}
 s - 4 scrolls of remove curse
 w - 3 scrolls of immolation {unknown}
 x - 5 scrolls of magic mapping {unknown}
 y - a scroll of noise {unknown}
Potions
 i - a potion of flight
 k - a potion of curing {unknown}
 q - 2 potions of brilliance
 u - a potion of might
 v - a potion of heal wounds
 z - a potion of cancellation
Comestibles
 f - 12 rations
 B - 3 chunks of flesh


   Skills:
 - Level 3.0 Fighting
 + Level 9.5 Polearms
 - Level 2.6 Armour
 - Level 6.5 Shields
 * Level 3.0 Invocations


You had 6 spell levels left.
You knew the following spells:

 Your Spells              Type           Power        Failure   Level  Hunger
a - Ensorcelled Hibernat  Hex/Ice        #.....       100%        2    ###....

Your spell library contained the following spells:

 Spells                   Type           Power        Failure   Level  Hunger
 Corona                   Hex            #......      100%        1    ##.....
 Confusing Touch          Hex            #.......     100%        3    ####...
 Dazzling Flash           Conj/Hex       #.....       100%        3    ####...
 Tukima's Dance           Hex            #.......     100%        3    ####...


Dungeon Overview and Level Annotations

Branches:
Dungeon (8/15)             Temple (1/1) D:7
   Lair: D:8-11

Altars:
Ashenzari
Cheibriados
Dithmenos
Elyvilon
Fedhas
Gozag
Hepliaklqana
Kikubaaqudgha
Makhleb
Nemelex Xobeh
Okawaru
Qazlal
Ru
Sif Muna
Trog
Uskayaw
Vehumet
Wu Jian
Xom
Yredelemnul
Zin
The Shining One

Shops:
D:6 :


Innate Abilities, Weirdness & Mutations

You have a pair of small antennae on your head.
You are partially covered in yellow scales. (AC +2)
Your flesh is cold resistant. (rC+)
A weak demonic guardian rushes to your aid.
You are immune to freezing clouds.


Message History

The hornet is moderately wounded.
You block the hornet's attack.
Your shadow imp gestures at the hornet.
The hornet struggles to resist.
You hit the hornet but do no damage.
The hornet is moderately wounded.
You feel yourself speed up.
You feel sick. The hornet stings you!
* * * LOW HITPOINT WARNING * * *
You feel yourself slow down.
Your shadow imp barely misses the hornet.
The hornet stings you.
* * * LOW HITPOINT WARNING * * *
You suddenly lose the ability to move!
The hornet stings you.
* * * LOW HITPOINT WARNING * * *
You feel as though you will be slow longer.
Your shadow imp barely misses the hornet.
You feel yourself speed up.
You die...

#..# ###..###.# #####..#
#..# #.# #......# #..#
#.#
##.##.######..###.###
#.##.##............#
#.##.###.###..##.#.#.#
#.#......##........#.###
#.#####..####.####.#.#..
#......@5#..............
#######y##.##.###....##.
#w# #......# #.#
#.#..#.# #.## #.#....#
#..#### ####...# #..##.#
##..# #....#.# #..#
##.##.#y# #..#


You could see a hornet, a worm and a friendly shadow imp (summoned).

Vanquished Creatures
  Maggie (D:7)
  A hornet (D:8)
  2 ice beasts
  The ghost of Curus the Chopper, an amateur MiFi (D:3)
  2 sky beasts (D:7)
  2 centaurs
  A bullfrog (D:8)
  A wyvern skeleton (D:6)
  3 howler monkeys
  A crimson imp (D:5)
  6 hounds
  3 orc priests
  4 orc wizards
  An iguana (D:7)
  9 worker ants
  A hound skeleton (D:3)
  5 gnolls
  8 adders
  2 shadow imps
  2 oozes
  An adder skeleton (D:4)
  5 worms
  2 dart slugs (D:1)
  5 leopard geckos
  18 orcs
  2 giant cockroaches (D:2)
  6 goblins
  2 hobgoblins
  9 jackals
  8 kobolds
  5 quokkas (D:3)
  A ball python skeleton (D:5)
  9 bats
  8 frilled lizards
  A jackal zombie (D:7)
  2 leopard gecko zombies (D:6)
  A quokka zombie (D:4)
  9 rats
  A spectral orc (D:6)
151 creatures vanquished.

Vanquished Creatures (collateral kills)
  A water moccasin (D:6)
  A bullfrog (D:7)
  A scorpion (D:4)
  A howler monkey (D:7)
  A crimson imp (D:5)
  A hound (D:5)
  A gnoll shaman (D:3)
  A gnoll (D:3)
  2 orcs (D:4)
10 creatures vanquished.

Grand Total: 161 creatures vanquished

Notes
Turn   | Place    | Note
-------+----------+-------------------------------------------
     0 | D:1      | Araneus the Demonspawn Fighter began the quest for the Orb.
     0 | D:1      | Reached XP level 1. HP: 18/18 MP: 1/1
    31 | D:1      | Reached skill level 2 in Polearms
    34 | D:1      | Gained mutation: Your flesh is cold resistant. (rC+)
                  | [demonic ancestry]
    34 | D:1      | Reached XP level 2. HP: 24/24 MP: 2/2
   574 | D:2      | Gained mutation: You are partially covered in yellow
                  | scales. (AC +2) [demonic ancestry]
   574 | D:2      | Reached XP level 3. HP: 7/29 MP: 3/3
  1142 | D:2      | Gained mutation: You have a pair of small antennae on your
                  | head. [demonic ancestry]
  1142 | D:2      | Reached XP level 4. HP: 30/35 MP: 4/4
  1153 | D:2      | Reached skill level 3 in Polearms
  1302 | D:2      | Found a sparkling altar of Nemelex Xobeh.
  1794 | D:2      | Gained mutation: A weak demonic guardian rushes to your
                  | aid. [demonic ancestry]
  1794 | D:2      | Reached XP level 5. HP: 37/41 MP: 5/5
  2285 | D:3      | Learned a level 2 spell: Ensorcelled Hibernation
  2325 | D:3      | Reached skill level 4 in Polearms
  2521 | D:3      | Found a bloodstained altar of Trog.
  2625 | D:3      | Reached XP level 6. HP: 35/47 MP: 6/6
  3115 | D:3      | Found a runed translucent door.
  3116 | D:3      | Noticed Curus's ghost (amateur MiFi)
  3140 | D:3      | Killed Curus's ghost
  3140 | D:3      | Reached skill level 5 in Polearms
  3386 | D:4      | Found a sacrificial altar of Ru.
  3513 | D:4      | Found an ornate altar of the Wu Jian Council.
  3688 | D:5      | Entered Level 5 of the Dungeon
  3772 | D:5      | Gained mutation: You are immune to freezing clouds.
                  | [demonic ancestry]
  3772 | D:5      | Reached XP level 7. HP: 44/52 MP: 7/7
  3854 | D:5      | Reached skill level 6 in Polearms
  4216 | D:5      | Reached skill level 5 in Shields
  4621 | D:6      | Found a glowing silver altar of Zin.
  4763 | D:6      | Found a blossoming altar of Fedhas.
  4838 | D:6      | Found a hide-covered altar of Uskayaw.
  4962 | D:6      | Found Hiofus's Book Shoppe.
  4997 | D:6      | Reached skill level 7 in Polearms
  5171 | D:6      | Reached XP level 8. HP: 58/58 MP: 8/8
  5262 | D:6      | Found a hazy altar of Hepliaklqana.
  5332 | D:6      | Found a basalt altar of Yredelemnul.
  5875 | D:7      | Found a staircase to the Ecumenical Temple.
  5945 | Temple   | Entered the Ecumenical Temple
  6058 | Temple   | Became a worshipper of Warmaster Okawaru
  6190 | D:7      | Reached skill level 8 in Polearms
  6223 | D:7      | Noticed Maggie
  6246 | D:7      | Killed Maggie
  6311 | D:7      | Reached * piety under Okawaru
  6403 | D:7      | Reached skill level 1 in Invocations
  6467 | D:7      | Reached skill level 9 in Polearms
  6554 | D:7      | Reached XP level 9. HP: 53/63 MP: 10/10
  6719 | D:7      | Found a shimmering altar of Xom.
  7260 | D:8      | HP: 3/63 [hornet (5)]
  7260 | D:8      | Paralysed by a hornet for 3 turns
  7261 | D:8      | HP: 1/63 [hornet (2)]
  7262 | D:8      | Succumbed to a hornet's poison

Illustrated notes

Levels and vault maps discovered:
D:1:      minmay_arrival_radiant_lines, layout_loops_ring, minmay_pentomino_x4
D:2:      minmay_razor_zed, layout_basic, nicolae_overflow_hidden_temple
D:3:      layout_basic, ebering_ghost_reflecting_pool, trog_three_pillars_becter
D:4:      layout_rooms, nicolae_overflow_crystal_walls, kennysheep_mini,
          first_ration
D:5:      layout_rooms
D:6:      layout_loops_ring, overflow_temple_1_default,
          eat_drink_and_be_merry_uskayaw, old_standard_altar,
          overflow_temple_1_default, yredelemnul_forgotten_temple_becter,
          serial_shops, nicolae_shop_trees
D:7:      layout_loops_ring, lemuel_coloured_pillars_altar,
          minmay_temple_entry_mini_moons, uniq_maggie
D:8:      wad_cavern_with_rooms, layout_basic, hangedman_pestilent_swarm,
          minmay_orc_keep
Temple:   nicolae_temple_figure_eight

Skill      XL: |  1  2  3  4  5  6  7  8  9 |
---------------+----------------------------+-----
Polearms       | 2 3 4 5 7 9 |  9.5
Shields        | 3 4 5 6 |  6.5
Invocations    | 1 3 |  3.0
Fighting       | |  3.0
Armour         | |  2.6

Action                   |  1- 3 |  4- 6 |  7- 9 || total
-------------------------+-------+-------+-------++-------
Melee: Trident           |   110 |   326 |   360 ||   796
  Use: Potion            |     5 |     1 |     5 ||    11
       Scroll            |       |     6 |     2 ||     8
 Stab: Distracted        |       |     1 |     1 ||     2
       Invisible         |       |       |     1 ||     1
  Eat: Chunk             |     1 |     9 |    11 ||    21
Armor: Scale mail        |    54 |    30 |       ||    84
       Chain mail        |       |    90 |    52 ||   142
       Plate armour      |       |       |   120 ||   120
Dodge: Dodged            |    40 |    61 |    36 ||   137
Block: Kite shield       |    45 |   124 |   160 ||   329
